 Dungeon Crawl Stone Soup version 0.26.1-11-gd32895ea62 (webtiles) character file.

Game seed: 14581957246684887928

44 Almogavar the Stinger (level 3, -3/24 HPs)
             Began as a Demonspawn Venom Mage on July 14, 2021.
             Killed by divine providence
             ... invoked by an orc priest
              (12 damage)
             ... on level 2 of the Dungeon.
             The game lasted 00:06:19 (1551 turns).

Almogavar the Stinger (Demonspawn Venom Mage)       Turns: 1551, Time: 00:06:20

Health: -3/24      AC:  2    Str: 11 (14) XL:     3   Next: 41%
Magic:  2/6        EV: 12    Int: 16 (17) God:
Gold:   36         SH:  4    Dex: 12 (13) Spells: 5/6 levels left

rFire    . . .     SeeInvis .   b - +2 dagger (venom)
rCold    . . .     Faith    .   (no shield)
rNeg     . . .     Spirit   .   a - +0 robe
rPois    .         Reflect  .   (no helmet)
rElec    .         Harm     .   (no cloak)
rCorr    .         Rampage  .   (no gloves)
Will     .....                  (no boots)
Stlth    ++........             (no amulet)
HPRegen  0.08/turn              h - +6 ring of strength
MPRegen  0.10/turn              (no ring)

@: no status effects
A: claws 1, large bone plates 1
a: no special abilities


You were on level 2 of the Dungeon.
You visited 1 branch of the dungeon, and saw 2 of its levels.

You collected 36 gold pieces.

Inventory:

Hand Weapons
 b - a +2 dagger of venom (weapon)
Armour
 a - a +0 robe (worn)
Jewellery
 h - a +6 ring of strength (left claw)
Scrolls
 d - a scroll of identify {unknown}
 f - a scroll of enchant weapon {unknown}
 j - a scroll of teleportation {unknown}
Potions
 i - a potion of lignification {unknown}


   Skills:
 + Level 0.1 Fighting
 + Level 1.8 Dodging
 + Level 1.9 Stealth
 + Level 2.4 Spellcasting
 + Level 1.4 Transmutations
 + Level 3.7 Poison Magic


You had 5 spell levels left.
You knew the following spells:

 Your Spells              Type           Power        Failure   Level
a - Sting                 Tmut/Pois      40%          7%          1

Your spell library contained the following spells:

 Spells                   Type           Power        Failure   Level
 Poisonous Vapours        Pois/Air       16%          14%         2
 Ignite Poison            Fire/Tmut/Pois 7%           28%         3
 Mephitic Cloud           Conj/Pois/Air  6%           34%         3
 Olgreb's Toxic Radiance  Pois           14%          38%         4


Dungeon Overview and Level Annotations

Branches:
Dungeon (2/15)

Altars:


Innate Abilities, Weirdness & Mutations

You have sharp fingernails.
You are partially covered in large bone plates. (SH +4)


Message History

Casting: Sting (safe; 7% risk of failure)
Confirm with . or Enter, or press ? or * to list all spells.
Aiming: Sting (safe; 7% risk of failure)
Press: ? - help, Shift-Dir - straight line, f/p - orc priest
Aim: an orc priest, wielding a +0 club and wearing a +0 scale mail (heavily wounded, very poisoned, 25% to evade)
The sting hits the orc priest.
The orc priest looks even sicker.
The orc priest is severely wounded.
The orc priest miscasts a cantrip.
Casting: Sting (safe; 7% risk of failure)
Confirm with . or Enter, or press ? or * to list all spells.
Aiming: Sting (safe; 7% risk of failure)
Press: ? - help, Shift-Dir - straight line, f/p - orc priest
Aim: an orc priest, wielding a +0 club and wearing a +0 scale mail (severely wounded, very poisoned, 25% to evade)
The sting hits the orc priest but does no damage.
The orc priest looks as sick as possible!
The orc priest is severely wounded.
The orc priest calls down the wrath of Beogh upon you.
Beogh smites you!
Ouch! That really hurt!
You die...

#.# #.#o# #(#
#.###.##. #.# #.#.#
#.# #........ #.#
#.#o# ##.###)###..K.
#.#####.#.###...##.#
.
#.........##.....#.#
#######.###........#
#.##.....<...#
#.###........# #o#
##.@...#.# #.#
#....##.# #o#
#o#...#.# #.#
#o###.#.# #.# #g#
.#.# #o####.###.♣
#........♣≈♣
######..≈≈♣ #♣♣≈≈≈≈≈


You could see an orc priest (extremely poisoned), an orc and a goblin.

Vanquished Creatures
  An adder (D:2)
  A worm (D:2)
  A dart slug (D:1)
  2 orcs (D:2)
  8 bats
  4 goblins
  2 hobgoblins (D:1)
  3 kobolds (D:2)
  3 frilled lizards (D:1)
  3 rats
28 creatures vanquished.

Notes
Turn   | Place    | Note
-------+----------+-------------------------------------------
     0 | D:1      | Almogavar the Demonspawn Venom Mage began the quest for the
                  | Orb.
     0 | D:1      | Reached XP level 1. HP: 13/13 MP: 3/3
   265 | D:1      | Reached skill level 1 in Transmutations
   265 | D:1      | Gained mutation: You have sharp fingernails. [demonic
                  | ancestry]
   265 | D:1      | Reached XP level 2. HP: 19/19 MP: 1/5
  1038 | D:2      | Gained mutation: You are partially covered in large bone
                  | plates. (SH +4) [demonic ancestry]
  1038 | D:2      | Reached XP level 3. HP: 11/24 MP: 2/6
  1042 | D:2      | HP: 1/24 [poisoned by an adder]
  1551 | D:2      | Killed from afar by an orc priest

Illustrated notes

Levels and vault maps discovered:
D:1:      saegor_arrival_simple_e, layout_rooms, minivault_26
D:2:      layout_loops_ring, bloody_trog, serial_bayou_lake_a

Skill      XL: |  1 |
---------------+----+-----
Transmutations | 1 |  1.4
Fighting       | |  0.1
Dodging        | |  1.8
Stealth        | |  1.9
Spellcasting   | |  2.4
Poison Magic   | |  3.7

Action                   || total
-------------------------++-------
Melee: Dagger            ||     3
 Cast: Sting             ||    57
  Use: Potion            ||     3
Armor: Robe              ||     3
Dodge: Dodged            ||    11
Block: Other             ||     2
